| TOP OF THE 1ST |
|
Kansas City Royals batting - Pitching for Chicago White Sox : RHP Matt McAtee
|
|
Pitching: RHP Matt McAtee
|
|
|
Batting: SHB Jose Pacheco
|
0-0: Ground out 4-3 (Groundball, 4, EV 87.5 MPH)
|
|
Batting: RHB Matt Belgard
|
0-0: Ball 1-0: SINGLE (Groundball, 5S, EV 63.1 MPH) (infield hit)
|
|
Batting: LHB Mike Meyerhoff
|
0-0: Swinging Strike 0-1: Called Strike Matt Belgard steals 2nd base 0-2: Foul Ball, location: 2F 0-2: Ball 1-2: Foul Ball, location: 2F 1-2: Foul Ball, location: 2F 1-2: SINGLE (Groundball, 34D, EV 100.0 MPH) Matt Belgard to third Runner from 3rd tries for Home, SAFE, throw by RF to home
|
|
Batting: LHB Roman Downey
|
0-0: Swinging Strike 0-1: Called Strike 0-2: Strikes out swinging
|
|
Batting: SHB Gil Switzer
|
0-0: Called Strike Mike Meyerhoff steals 2nd base 0-1: DOUBLE (Popup, 34D, EV 67.5 MPH) Mike Meyerhoff scores
|
|
Batting: LHB Pete Hansel
|
0-0: Ball 1-0: Ball 2-0: Ball 3-0: Called Strike 3-1: Called Strike 3-2: Fly out, F9 (Flyball, 9S, EV 83.1 MPH)
|
| Top of the 1st over - 2 runs, 3 hits, 0 errors, 1 left on base; Kansas City 2 - Chicago 0 |
| BOTTOM OF THE 1ST |
|
Chicago White Sox batting - Pitching for Kansas City Royals : RHP Chris Irvin
|
|
Pitching: RHP Chris Irvin
|
|
|
Batting: RHB Dieter Knoops
|
0-0: Foul Ball, location: 2F 0-1: Ball 1-1: Ground out 3-1 (Groundball, 13, EV 80.0 MPH)
|
|
Batting: SHB Gus Berry
|
0-0: Called Strike 0-1: Ball 1-1: Called Strike 1-2: Strikes out swinging
|
|
Batting: LHB Randy Rosenberry
|
0-0: Ball 1-0: Called Strike 1-1: Swinging Strike 1-2: DOUBLE (Flyball, 78D, EV 96.2 MPH)
|
|
Batting: RHB Dietmar Warmisch
|
0-0: Ball 1-0: Swinging Strike 1-1: Foul Ball, location: 2F 1-2: Ball 2-2: Fly out, F7 (Flyball, 7D, EV 105.0 MPH)
|
| Bottom of the 1st over - 0 runs, 1 hit, 0 errors, 1 left on base; Kansas City 2 - Chicago 0 |
| TOP OF THE 2ND |
|
Kansas City Royals batting - Pitching for Chicago White Sox : RHP Matt McAtee
|
|
Batting: RHB Adam Martin
|
0-0: Called Strike 0-1: Ball 1-1: Swinging Strike 1-2: SINGLE (Groundball, 6MD, EV 95.0 MPH)
|
|
Batting: LHB Justin Rupert
|
0-0: Ball 1-0: Grounds into double play, 4-6-3 (Groundball, 4, EV 87.5 MPH)
|
|
Batting: RHB Imbart Faber
|
0-0: Called Strike 0-1: Ball 1-1: Foul Ball, location: 2F 1-2: Fly out, F9 (Flyball, 89M, EV 91.9 MPH)
|
| Top of the 2nd over - 0 runs, 1 hit, 0 errors, 0 left on base; Kansas City 2 - Chicago 0 |
| BOTTOM OF THE 2ND |
|
Chicago White Sox batting - Pitching for Kansas City Royals : RHP Chris Irvin
|
|
Batting: RHB Brad Boals
|
0-0: Swinging Strike 0-1: Ball 1-1: Foul Ball, location: 2F 1-2: Foul Ball, location: 2F 1-2: Strikes out swinging
|
|
Batting: LHB Angel Tellez
|
0-0: Called Strike 0-1: Ball 1-1: Foul Ball, location: 2F 1-2: Ground out U3 (Groundball, 3, EV 104.4 MPH)
|
|
Batting: RHB Henri Cederberg
|
0-0: Called Strike 0-1: Ball 1-1: Ball 2-1: Ground out 6-3 (Groundball, 6, EV 80.6 MPH)
|
| Bottom of the 2nd over - 0 runs, 0 hits, 0 errors, 0 left on base; Kansas City 2 - Chicago 0 |
| TOP OF THE 3RD |
|
Kansas City Royals batting - Pitching for Chicago White Sox : RHP Matt McAtee
|
|
Batting: SHB Jose Pacheco
|
0-0: Ball 1-0: Ball 2-0: Swinging Strike 2-1: Foul Ball, location: 2F 2-2: Foul Ball, location: 2F 2-2: Reached on error, E4 (Groundball, 4, EV 83.8 MPH)
|
|
Batting: RHB Matt Belgard
|
0-0: Ball 1-0: Ball 2-0: Bunted foul 2-1: Bunt missed! 2-2: Ball 3-2: SINGLE (Groundball, 6S, EV 70.6 MPH) (infield hit) Jose Pacheco to second
|
|
Batting: LHB Mike Meyerhoff
|
0-0: Ball 1-0: Ball 2-0: Called Strike 2-1: Foul Ball, location: 2F 2-2: Foul Ball, location: 2F 2-2: Fly out, F8 (Flyball, 8LM, EV 80.6 MPH)
|
|
Batting: LHB Roman Downey
|
0-0: Ball 1-0: Ball 2-0: Foul Ball, location: 2F 2-1: DOUBLE (Line Drive, 5D, EV 103.1 MPH) Jose Pacheco scores Matt Belgard to third Runner from 3rd tries for Home, SAFE, throw by LF to home
|
|
Batting: SHB Gil Switzer
|
0-0: Called Strike 0-1: Foul Ball, location: 2F 0-2: Strikes out swinging
|
|
Batting: LHB Pete Hansel
|
0-0: Foul Ball, location: 2F 0-1: Swinging Strike 0-2: Strikes out swinging
|
| Top of the 3rd over - 2 runs, 2 hits, 1 error, 1 left on base; Kansas City 4 - Chicago 0 |
| BOTTOM OF THE 3RD |
|
Chicago White Sox batting - Pitching for Kansas City Royals : RHP Chris Irvin
|
|
Batting: RHB Jon Solano
|
0-0: Foul Ball, location: 2F 0-1: Ball 1-1: Called Strike 1-2: Strikes out swinging
|
|
Batting: LHB Sidney Pedder
|
0-0: Swinging Strike 0-1: Foul Ball, location: 2F 0-2: SINGLE (Line Drive, 8RS, EV 108.8 MPH)
|
|
Batting: RHB Dieter Knoops
|
0-0: Ball 1-0: Ball Sidney Pedder steals 2nd base 2-0: Ball 3-0: Called Strike 3-1: Ground out 4-3 (Groundball, 34, EV 81.2 MPH) Sidney Pedder to third
|
|
Batting: SHB Gus Berry
|
0-0: Called Strike 0-1: Ball 1-1: Swinging Strike 1-2: Foul Ball, location: 2F 1-2: Ground out U3 (Groundball, 3, EV 81.9 MPH)
|
| Bottom of the 3rd over - 0 runs, 1 hit, 0 errors, 1 left on base; Kansas City 4 - Chicago 0 |
| TOP OF THE 4TH |
|
Kansas City Royals batting - Pitching for Chicago White Sox : RHP Matt McAtee
|
|
Batting: RHB Adam Martin
|
0-0: Called Strike 0-1: Ball 1-1: Ball 2-1: Ball 3-1: Foul Ball, location: 2F 3-2: Foul Ball, location: 2F 3-2: Base on Balls
|
|
Batting: LHB Justin Rupert
|
0-0: Sac Bunt to 15 - play at first, batter OUT! 1-3 Adam Martin to second
|
|
Batting: RHB Imbart Faber
|
0-0: Foul Ball, location: 2F 0-1: Ball 1-1: Ball 2-1: Called Strike 2-2: Strikes out swinging
|
|
Pitching: RHP Allen Speidel
|
|
|
Batting: SHB Jose Pacheco
|
0-0: Called Strike 0-1: Ball 1-1: Ball 2-1: Foul Ball, location: 2F 2-2: Foul Ball, location: 2F 2-2: Strikes out swinging
|
| Top of the 4th over - 0 runs, 0 hits, 0 errors, 1 left on base; Kansas City 4 - Chicago 0 |
| BOTTOM OF THE 4TH |
|
Chicago White Sox batting - Pitching for Kansas City Royals : RHP Chris Irvin
|
|
Batting: LHB Randy Rosenberry
|
0-0: Ball 1-0: Called Strike 1-1: Swinging Strike 1-2: Foul Ball, location: 2F 1-2: Strikes out swinging
|
|
Batting: RHB Dietmar Warmisch
|
0-0: Fly out, F6 (Line Drive, 56D, EV 80.0 MPH)
|
|
Batting: RHB Brad Boals
|
0-0: Ball 1-0: Called Strike 1-1: Ground out 4-3 (Groundball, 4MD, EV 86.9 MPH)
|
| Bottom of the 4th over - 0 runs, 0 hits, 0 errors, 0 left on base; Kansas City 4 - Chicago 0 |
| TOP OF THE 5TH |
|
Kansas City Royals batting - Pitching for Chicago White Sox : RHP Allen Speidel
|
|
Batting: RHB Matt Belgard
|
0-0: Called Strike 0-1: Foul Ball, location: 2F 0-2: Foul Ball, location: 2F 0-2: Ball 1-2: Ball 2-2: Ball 3-2: Foul Ball, location: 2F 3-2: Base on Balls
|
|
Batting: LHB Mike Meyerhoff
|
0-0: Ball 1-0: Called Strike 1-1: Called Strike 1-2: Fielders Choice at 2nd, 3-6 (Groundball, 3S, EV 85.0 MPH)
|
|
Batting: LHB Roman Downey
|
0-0: Fielders Choice at 2nd, 2-4 (Groundball, 15S, EV 65.0 MPH)
|
|
Batting: SHB Gil Switzer
|
0-0: Called Strike 0-1: Foul Ball, location: 2F 0-2: Ground out 4-3 (Groundball, 4, EV 85.0 MPH)
|
| Top of the 5th over - 0 runs, 0 hits, 0 errors, 1 left on base; Kansas City 4 - Chicago 0 |
| BOTTOM OF THE 5TH |
|
Chicago White Sox batting - Pitching for Kansas City Royals : RHP Chris Irvin
|
|
Batting: LHB Angel Tellez
|
0-0: Ball 1-0: Ball 2-0: Called Strike 2-1: Ball 3-1: Base on Balls
|
|
Batting: RHB Henri Cederberg
|
0-0: Fly out, F8 (Flyball, 8RS, EV 85.6 MPH)
|
|
Batting: RHB Jon Solano
|
0-0: Fly out, F9 (Line Drive, 89S, EV 97.5 MPH)
|
|
Batting: LHB Sidney Pedder
|
0-0: Called Strike 0-1: Swinging Strike 0-2: Foul Ball, location: 2F 0-2: Fly out, F8 (Flyball, 89M, EV 80.6 MPH)
|
| Bottom of the 5th over - 0 runs, 0 hits, 0 errors, 1 left on base; Kansas City 4 - Chicago 0 |
| TOP OF THE 6TH |
|
Kansas City Royals batting - Pitching for Chicago White Sox : RHP Allen Speidel
|
|
Batting: LHB Pete Hansel
|
0-0: Ball 1-0: Foul Ball, location: 2F 1-1: SINGLE (Groundball, 6S, EV 71.9 MPH) (infield hit)
|
|
Pitching: RHP Ryan Columbo
|
|
|
Batting: RHB Adam Martin
|
0-0: Called Strike 0-1: Fly out, F8 (Flyball, 8RD, EV 100.6 MPH)
|
|
Batting: LHB Justin Rupert
|
0-0: Foul Ball, location: 2F 0-1: Ball Pete Hansel steals 2nd base 1-1: Called Strike 1-2: Ground out 2-3 (Groundball, 2R, EV 70.6 MPH) Pete Hansel to third
|
|
Batting: RHB Imbart Faber
|
0-0: SINGLE (Groundball, 6D, EV 99.4 MPH) Pete Hansel scores
|
|
Batting: SHB Jose Pacheco
|
0-0: Foul Ball, location: 2F 0-1: Foul Ball, location: 2F 0-2: SINGLE (Flyball, 8LS, EV 93.8 MPH) Imbart Faber to second Runner from 2nd tries for 3rd, OUT! 8-5
|
| Top of the 6th over - 1 run, 3 hits, 0 errors, 1 left on base; Kansas City 5 - Chicago 0 |
| BOTTOM OF THE 6TH |
|
Chicago White Sox batting - Pitching for Kansas City Royals : RHP Chris Irvin
|
|
Batting: RHB Dieter Knoops
|
0-0: Foul Ball, location: 2F 0-1: Ball 1-1: Ground out 6-3 (Groundball, 6S, EV 71.2 MPH)
|
|
Batting: SHB Gus Berry
|
0-0: Ball 1-0: Ball 2-0: Called Strike 2-1: Foul Ball, location: 2F 2-2: Strikes out looking
|
|
Batting: LHB Randy Rosenberry
|
0-0: Called Strike 0-1: Fly out, F7 (Flyball, 78S, EV 93.1 MPH)
|
| Bottom of the 6th over - 0 runs, 0 hits, 0 errors, 0 left on base; Kansas City 5 - Chicago 0 |
| TOP OF THE 7TH |
|
Kansas City Royals batting - Pitching for Chicago White Sox : RHP Ryan Columbo
|
|
Batting: RHB Matt Belgard
|
0-0: Called Strike 0-1: Fly out, F2 (Popup, 2RF, EV 86.9 MPH)
|
|
Batting: LHB Mike Meyerhoff
|
0-0: Ball 1-0: Fly out, F8 (Flyball, 89M, EV 95.6 MPH)
|
|
Batting: LHB Roman Downey
|
0-0: Foul Ball, location: 2F 0-1: Swinging Strike 0-2: Strikes out looking
|
| Top of the 7th over - 0 runs, 0 hits, 0 errors, 0 left on base; Kansas City 5 - Chicago 0 |
| BOTTOM OF THE 7TH |
|
Chicago White Sox batting - Pitching for Kansas City Royals : RHP Chris Irvin
|
|
Pitching: RHP Josh Moncada
|
|
|
Batting: RHB Dietmar Warmisch
|
0-0: Ball 1-0: Foul Ball, location: 2F 1-1: Ball 2-1: Called Strike 2-2: Ball 3-2: SINGLE (Line Drive, 89S, EV 92.5 MPH)
|
|
Batting: RHB Brad Boals
|
0-0: Called Strike 0-1: Ball 1-1: Swinging Strike 1-2: Ball 2-2: Ball 3-2: Base on Balls Dietmar Warmisch to second
|
|
Batting: LHB Angel Tellez
|
0-0: Ball 1-0: Called Strike 1-1: Called Strike 1-2: Strikes out swinging
|
|
Batting: RHB Henri Cederberg
|
0-0: Called Strike 0-1: Foul Ball, location: 2F 0-2: Fielders Choice at 2nd, 6-4 (Groundball, 56, EV 78.8 MPH) Dietmar Warmisch to third
|
|
Batting: RHB Jon Solano
|
0-0: Ball 1-0: Foul Ball, location: 2F 1-1: SINGLE (Flyball, 89S, EV 94.4 MPH) Dietmar Warmisch scores Henri Cederberg to second Runner from 2nd tries for 3rd, OUT! 9-5
|
| Bottom of the 7th over - 1 run, 2 hits, 0 errors, 1 left on base; Kansas City 5 - Chicago 1 |
| TOP OF THE 8TH |
|
Kansas City Royals batting - Pitching for Chicago White Sox : RHP Ryan Columbo
|
|
Pitching: LHP Josh Vaca
|
|
|
Batting: SHB Gil Switzer
|
0-0: Ball 1-0: Ground out 5-3 (Groundball, 56, EV 110.0 MPH)
|
|
Batting: LHB Pete Hansel
|
0-0: Ball 1-0: Called Strike 1-1: Foul Ball, location: 2F 1-2: Foul Ball, location: 2F 1-2: Strikes out swinging
|
|
Batting: RHB Adam Martin
|
0-0: Ball 1-0: Ball 2-0: Ground out 6-3 (Groundball, 6, EV 109.4 MPH)
|
| Top of the 8th over - 0 runs, 0 hits, 0 errors, 0 left on base; Kansas City 5 - Chicago 1 |
| BOTTOM OF THE 8TH |
|
Chicago White Sox batting - Pitching for Kansas City Royals : RHP Josh Moncada
|
|
Batting: LHB Sidney Pedder
|
0-0: Ball 1-0: Foul Ball, location: 2F 1-1: Ball 2-1: Ball 3-1: Base on Balls
|
|
Batting: RHB Dieter Knoops
|
0-0: Called Strike 0-1: Ball 1-1: Called Strike 1-2: Strikes out swinging
|
|
Batting: SHB Gus Berry
|
0-0: Grounds into double play, 4-6-3 (Groundball, 34D, EV 98.8 MPH)
|
| Bottom of the 8th over - 0 runs, 0 hits, 0 errors, 0 left on base; Kansas City 5 - Chicago 1 |
| TOP OF THE 9TH |
|
Kansas City Royals batting - Pitching for Chicago White Sox : LHP Josh Vaca
|
|
Pinch Hitting: RHB Mike Jaquez
|
0-0: Ball 1-0: Ball 2-0: Called Strike 2-1: Ball 3-1: Ground out 6-3 (Groundball, 6, EV 86.2 MPH)
|
|
Batting: RHB Imbart Faber
|
0-0: Swinging Strike 0-1: Foul Ball, location: 2F 0-2: Fly out, F8 (Line Drive, 8RM, EV 98.1 MPH)
|
|
Batting: SHB Jose Pacheco
|
0-0: Swinging Strike 0-1: Ball 1-1: Hit by Pitch
|
|
Batting: RHB Matt Belgard
|
0-0: Foul Ball, location: 2F 0-1: Fly out, F6 (Popup, P, EV 81.2 MPH)
|
| Top of the 9th over - 0 runs, 0 hits, 0 errors, 1 left on base; Kansas City 5 - Chicago 1 |
| BOTTOM OF THE 9TH |
|
Chicago White Sox batting - Pitching for Kansas City Royals : RHP Josh Moncada
|
|
Pitching: RHP Brandon Ferrari
|
|
|
Now at 1B: Imbart Faber
|
|
|
Now at 3B: Mikolas Markus
|
|
|
Batting: LHB Randy Rosenberry
|
0-0: Ball 1-0: Ball 2-0: Ball 3-0: SINGLE (Line Drive, 6D, EV 95.0 MPH)
|
|
Batting: RHB Dietmar Warmisch
|
0-0: Ball 1-0: Swinging Strike 1-1: SINGLE (Flyball, 8RS, EV 88.1 MPH) Randy Rosenberry to second
|
|
Pitching: RHP Asa Hahn
|
|
|
Batting: RHB Brad Boals
|
0-0: Called Strike 0-1: Ball 1-1: Foul Ball, location: 2F 1-2: Foul Ball, location: 2F 1-2: Ball 2-2: Strikes out looking
|
|
Batting: LHB Angel Tellez
|
0-0: Called Strike 0-1: Ball 1-1: Foul Ball, location: 2F 1-2: Ball 2-2: Strikes out swinging
|
|
Batting: RHB Henri Cederberg
|
0-0: Ball 1-0: Called Strike 1-1: Called Strike 1-2: Strikes out swinging
|
| Bottom of the 9th over - 0 runs, 2 hits, 0 errors, 2 left on base; Kansas City 5 - Chicago 1 |
|